 Dungeon Crawl Stone Soup version 0.20.0-8-g6b59dc7 (webtiles) character file.

5810 Kosschaser the Cleaver (level 10, -6/91 HPs)
             Began as a Hill Orc Berserker on June 2, 2017.
             Was a High Priest of Trog.
             Mangled by a troll (8 damage)
             ... on level 9 of the Dungeon.
             The game lasted 00:32:34 (7159 turns).

Kosschaser the Cleaver (Hill Orc Berserker)         Turns: 7159, Time: 00:32:35

Health: -6/91      AC: 14    Str: 19    XL:     10   Next: 79%
Magic:  10/10      EV: 13    Int: 10    God:    Trog [*****.]
Gold:   551        SH:  0    Dex: 13    Spells: 9/9 levels left

rFire    . . .     SeeInvis .   F - +4 war axe
rCold    + + .     Gourm    .   (no shield)
rNeg     . . .     Faith    .   e - +2 ring mail {rC+}
rPois    .         Spirit   .   G - +2 helmet
rElec    .         Reflect  .   (no cloak)
rCorr    .         Harm     .   (no gloves)
MR       .....                  m - +1 pair of boots
Stlth    +.........             (no amulet)
Regen    0.3/turn               I - +3 ring of intelligence
MPRegen  0.2/turn               E - ring of ice (curse)

@: no status effects
A: fire resistance 1, weak 1
a: Berserk, Trog's Hand, Brothers in Arms, Burn Spellbooks, Renounce Religion


You were on level 9 of the Dungeon.
You worshipped Trog.
Trog was extremely pleased with you.
You were near starving.

You visited 1 branch of the dungeon, and saw 9 of its levels.
You also visited: Ossuary.

You collected 551 gold pieces.

Inventory:

Hand Weapons
 a - a +0 hand axe
 F - a +4 war axe (weapon)
Armour
 e - a +2 ring mail of cold resistance (worn)
 m - a +1 pair of boots (worn)
 G - a +2 helmet (worn)
Jewellery
 j - an uncursed ring of see invisible
 E - a cursed ring of ice (right hand)
 I - a +3 ring of intelligence (left hand)
Wands
 y - a wand of lightning (1/15)
 H - a wand of polymorph (3/24)
 J - a wand of lightning (3/15)
Scrolls
 b - a scroll of blinking {unknown}
 d - 8 scrolls of remove curse {unknown}
 g - 2 scrolls of fog {unknown}
 h - 8 scrolls of teleportation {unknown}
 l - 2 scrolls of fear {unknown}
 o - 4 scrolls of noise {unknown}
 p - 4 scrolls of identify {unknown}
 q - 2 scrolls of enchant weapon {unknown}
 r - 2 scrolls of amnesia {unknown}
 t - a scroll of enchant armour {unknown}
 v - a scroll of summoning {unknown}
 D - a scroll of recharging {unknown}
Potions
 i - a potion of berserk rage {unknown}
 k - a potion of magic {unknown}
 n - 4 potions of heal wounds {unknown}
 s - 3 potions of might {unknown}
 u - a potion of agility {unknown}
 w - 2 potions of lignification {unknown}
 x - a potion of haste {unknown}
 z - 7 potions of curing
 B - 3 potions of cancellation {unknown}
 C - 2 potions of flight {unknown}
Books
 f - a book of Maledictions

   Spells                             Type                      Level
   a - Corona                         Hexes                        1
   b - Ensorcelled Hibernation        Hexes/Ice                    2
   c - Confuse                        Hexes                        3
   d - Tukima's Dance                 Hexes                        3
   e - Dazzling Spray                 Conjuration/Hexes            3
   Trog disapproves of the use of such an item.
Comestibles
 c - 12 bread rations
 A - 14 fruits


   Skills:
 + Level 9.5 Fighting
 + Level 14.3 Axes
 + Level 6.9 Armour
 + Level 5.0 Dodging
 + Level 1.5 Stealth


You had 9 spell levels left.
You didn't know any spells.

Dungeon Overview and Level Annotations

Branches:
Dungeon (9/15)             Temple (0/1) D:5
   Lair: D:8-11         Orc: D:9-12

Altars:
Dithmenos
Elyvilon
Fedhas
Nemelex Xobeh
Okawaru
Qazlal
Sif Muna
Trog
Xom
Zin
The Shining One

Shops:
D:4 [   D:6 %

Annotations:
D:5 Blork the orc


Innate Abilities, Weirdness & Mutations

Your flesh is heat resistant. (rF+)
You are weak. (Str -2)


Message History

You hit the troll.
The troll is severely wounded.
You hit the troll.
The troll is severely wounded.
The troll bites you! The troll claws you but does no damage.
The troll barely misses you.
You closely miss the troll.
The troll is severely wounded.
The troll barely misses you. The troll claws you!
* * * LOW HITPOINT WARNING * * *
The troll claws you.
* * * LOW HITPOINT WARNING * * *
The troll bites you.
* * * LOW HITPOINT WARNING * * *
The troll claws you but does no damage. The troll claws you!
* * * LOW HITPOINT WARNING * * *
The troll bites you!
* * * LOW HITPOINT WARNING * * *
The troll barely misses you. The troll claws you!
You die...

#.# ............. #.#
[.....†...#
..#######$....######
#.......+..........#
#.#######....#####.#
#.# ###### #.# #.#
#.#
#.################.##
................@T..#
#.###################
#.# #.# #.# ..# ###


You could see a troll.

Vanquished Creatures
  2 two-headed ogres
  Pikel (D:5)
  Grinder (D:6)
  Sigmund (D:5)
  2 wraiths (Ossuary)
  A spriggan (D:7)
  Eustachio (D:6)
  The ghost of Serafim the Shield-Bearer, an amateur MiFi (D:3)
  A hungry ghost (D:7)
  Edmund (D:6)
  An orc warrior (D:6)
  3 sky beasts (D:7)
  4 ogres
  A centaur (D:7)
  4 bullfrogs
  A big kobold (D:8)
  3 elf skeletons (D:6)
  4 wights (Ossuary)
  5 howler monkeys
  2 crimson imps
  3 hounds
  4 orc wizards
  A bullfrog skeleton (D:8)
  2 human zombies (D:6)
  5 orc priests
  A gnoll shaman (D:8)
  A centaur skeleton (D:8)
  6 worker ants
  Natasha (twice) (D:4)
  2 human skeletons (D:6)
  A hound skeleton (D:7)
  A worker ant zombie (D:8)
  8 gnolls
  A howler monkey skeleton (D:5)
  11 adders
  A shadow imp (D:5)
  An adder zombie (Ossuary)
  2 adder skeletons
  4 worms
  A dart slug (D:4)
  5 leopard geckos
  13 orcs
  8 bats
  5 giant cockroaches
  2 hobgoblins (D:2)
  7 jackals
  7 quokkas
  A ball python (D:2)
  4 frilled lizards
  6 goblins
  A hobgoblin skeleton (Ossuary)
  2 hobgoblin zombies (Ossuary)
  16 kobolds
  2 kobold zombies (Ossuary)
  4 orc skeletons
  2 orc zombies (D:6)
  A quokka zombie (D:6)
  16 rats
200 creatures vanquished.

Vanquished Creatures (others)
  A hound (D:5)
  A giant cockroach (D:5)
  A rat (D:2)
3 creatures vanquished.

Grand Total: 203 creatures vanquished

Notes
Turn   | Place    | Note
-------+----------+-------------------------------------------
     0 | D:1      | Kosschaser the Hill Orc Berserker began the quest for the Orb.
     0 | D:1      | Reached XP level 1. HP: 19/19 MP: 1/1
    20 | D:1      | Reached XP level 2. HP: 25/27 MP: 2/2
   453 | D:2      | Reached ** piety under Trog
   464 | D:2      | Found a bloodstained altar of Trog.
   522 | D:2      | Reached XP level 3. HP: 33/33 MP: 3/3
   664 | D:2      | Found a shimmering altar of Xom.
   666 | D:2      | Noticed an angel
   670 | D:2      | Found a glowing silver altar of Zin.
   682 | D:2      | Found a stormy altar of Qazlal.
   833 | D:2      | Reached skill level 5 in Axes
   866 | D:2      | Reached XP level 4. HP: 39/40 MP: 4/4
  1286 | D:3      | Noticed Serafim's ghost (amateur MiFi)
  1298 | D:3      | Killed Serafim's ghost
  1298 | D:3      | Reached skill level 6 in Axes
  1298 | D:3      | Reached skill level 1 in Stealth
  1298 | D:3      | Reached XP level 5. HP: 46/47 MP: 5/5
  1343 | D:3      | Reached XP level 6. HP: 47/53 MP: 6/6
  1455 | D:3      | Found a shadowy altar of Dithmenos.
  1469 | D:3      | Found a white marble altar of Elyvilon.
  1483 | D:3      | Found a glowing golden altar of the Shining One.
  1483 | D:3      | Found a sparkling altar of Nemelex Xobeh.
  1762 | D:3      | Found an iron altar of Okawaru.
  1948 | D:4      | Found Pontamue's Armour Emporium.
  2005 | D:4      | Reached skill level 5 in Fighting
  2280 | D:4      | Reached *** piety under Trog
  2522 | D:4      | Reached skill level 7 in Axes
  2541 | D:4      | Noticed Natasha
  2551 | D:4      | Killed Natasha
  2624 | D:4      | Reached XP level 7. HP: 59/61 MP: 7/7
  2660 | D:4      | Noticed Natasha
  2663 | D:4      | Killed Natasha
  2895 | D:5      | Entered Level 5 of the Dungeon
  2912 | D:5      | Noticed Sigmund
  2931 | D:5      | Killed Sigmund
  3106 | D:5      | Found a staircase to the Ecumenical Temple.
  3208 | D:5      | Noticed Blork the orc
  3215 | D:5      | Found a deep blue altar of Sif Muna.
  3335 | D:5      | Noticed Pikel
  3363 | D:5      | Killed Pikel
  3363 | D:5      | Reached skill level 8 in Axes
  3363 | D:5      | Reached XP level 8. HP: 66/71 MP: 8/8
  3370 | D:5      | Reached skill level 9 in Axes
  3646 | D:6      | Noticed Edmund
  3648 | D:6      | Noticed Grinder
  3665 | D:6      | Killed Edmund
  3665 | D:6      | Reached skill level 5 in Armour
  3674 | D:6      | Killed Grinder
  3865 | D:6      | Found a sand-covered staircase.
  3980 | Ossuary  | Entered an ossuary
  4037 | Ossuary  | Reached skill level 10 in Axes
  4037 | Ossuary  | Reached XP level 9. HP: 73/79 MP: 9/9
  4557 | D:6      | Reached skill level 11 in Axes
  4675 | D:6      | Noticed Eustachio
  4690 | D:6      | Killed Eustachio
  4735 | D:6      | Found Pojodyosuy's Food Shoppe.
  5060 | D:7      | Reached **** piety under Trog
  5062 | D:7      | Reached skill level 12 in Axes
  5283 | D:7      | Reached XP level 10. HP: 88/88 MP: 10/10
  5284 | D:7      | Gained mutation: Your flesh is heat resistant. (rF+) [mutagenic meat]
  5285 | D:7      | Gained mutation: You are weak. (Str -2) [mutagenic meat]
  5346 | D:7      | Noticed a two-headed ogre
  5361 | D:7      | Killed a two-headed ogre
  5361 | D:7      | Reached skill level 13 in Axes
  6324 | D:8      | Reached ***** piety under Trog
  6535 | D:8      | Noticed a two-headed ogre
  6545 | D:8      | Killed a two-headed ogre
  6545 | D:8      | Reached skill level 14 in Axes
  6787 | D:8      | Reached skill level 5 in Dodging
  6793 | D:8      | Found a blossoming altar of Fedhas.
  7159 | D:9      | HP: 2/91 [troll (8)]
  7159 | D:9      | Mangled by a troll

Skill      XL: |  1  2  3  4  5  6  7  8  9 10 |
---------------+-------------------------------+-----
Fighting       | 4 5 6 7 8 9 |  9.5
Axes           | 5 6 7 8 10 12 14 | 14.3
Dodging        | 2 3 4 5 |  5.0
Armour         | 3 4 5 6 |  6.9
Stealth        | 1 |  1.5

Action                   |  1- 3 |  4- 6 |  7- 9 | 10-12 || total
-------------------------+-------+-------+-------+-------++-------
Melee: Hand axe          |    99 |   224 |   201 |       ||   524
       War axe           |       |       |   164 |   150 ||   314
Invok: Burn Spellbooks   |     1 |       |     1 |       ||     2
       Trog's Hand       |       |     2 |     4 |       ||     6
       Berserk           |       |     2 |     4 |     1 ||     7
  Use: Potion            |       |       |     1 |       ||     1
 Stab: Sleeping          |     1 |       |       |       ||     1
  Eat: Chunk             |       |     8 |     3 |     8 ||    19
       Bread ration      |       |       |     2 |       ||     2
       Fruit             |       |       |     2 |       ||     2
       Royal jelly       |       |       |       |     1 ||     1
Armor: Animal skin       |     3 |       |       |       ||     3
       Ring mail         |    34 |   106 |   100 |    44 ||   284
Dodge: Dodged            |    61 |   134 |   154 |    96 ||   445
